 Dungeon Crawl Stone Soup version 0.15.2 (webtiles) character file.

56 HopeRidesAlone the Insei (level 3, 0/29 HPs)
             Began as a Mummy Monk on Oct 24, 2015.
             Slain by an adder (4 damage)
             ... on Level 2 of the Dungeon.
             The game lasted 00:01:52 (1717 turns).

HopeRidesAlone the Insei (Mummy Monk)               Turns: 1717, Time: 00:01:52

HP   0/29        AC  5     Str 14      XL: 3   Next: 71%
MP   3/3         EV  9     Int  9      God:
Gold 126         SH  0     Dex 15      Spells:  0 memorised,  2 levels left

rFire  . . .     SeeInvis .       - Unarmed
rCold  + . .     Clarity  .     b - +0 ring mail
rNeg   + + +     rCorr    .     (no shield)
rPois  +         rRot     +     (no helmet)
rElec  .         Spirit   .     (no cloak)
SustAb .         Warding  .     (no gloves)
rMut   .         Stasis   .     (no boots)
Gourm  .                        (no amulet)
MR     .....                    h - ring of protection from fire
                                (no ring)

@: not resistant to hostile enchantments, very unstealthy
A: no food or potions, fire vulnerability, restore body, cold resistance 1,
negative energy resistance 3, poison resistance, torment resistance, unbreathing
a: no special abilities


You were on level 2 of the Dungeon.
You were not hungry.

You visited 1 branch of the dungeon, and saw 2 of its levels.

You collected 126 gold pieces.


Innate Abilities, Weirdness & Mutations

You do not eat or drink.
Your flesh is vulnerable to fire.
Your flesh is cold resistant.
You are immune to negative energy.
Your system is resistant to poisons.
You are immune to unholy pain and torment.
You can survive without breathing.


   Skills:
 - Level 3.0 Fighting
 - Level 2.4 Dodging
 - Level 1.5 Stealth
 + Level 4.4 Unarmed Combat


You had 2 spell levels left.
You didn't know any spells.

Inventory:

Armour
 a - a +0 robe
 b - a +0 ring mail (worn)
Scrolls
 c - 3 scrolls of fog {unknown}
 d - a scroll of enchant armour {unknown}
 e - 3 scrolls of remove curse {unknown}
 f - 2 scrolls of identify {unknown}
 g - a scroll of recharging {unknown}
Jewellery
 h - a ring of protection from fire (right hand)

Dungeon Overview and Level Annotations

Branches:
Dungeon (2/15)

Altars:
Ashenzari
Nemelex Xobeh

%.# #.# #.# #.#
#.# #.# #.####
#....############
#.##..rSM.......#
#####
##.##...########.#
#...####..#8...8#
#....#...###...##
.......### #...#
#.)..### #...#
##...# #8...8#
8#.#### ##...##
...##8###8##...#


You could see an adder and a rat.


Message History

The rat misses you.
You completely miss the adder.
The adder is lightly wounded.
The adder bites you but does no damage. The rat bites you but does no damage.
You barely miss the adder.
The adder is lightly wounded.
The adder bites you but does no damage. The rat bites you but does no damage.
You hit the adder but do no damage. You punch the adder.
The adder is moderately wounded.
The adder bites you but does no damage. The rat bites you but does no damage.
The adder bites you.
* * * LOW HITPOINT WARNING * * *
You hit the adder but do no damage.
The adder is moderately wounded.
The adder barely misses you. The rat closely misses you.
You completely miss the adder.
The adder is moderately wounded.
The adder barely misses you. The rat barely misses you. The adder bites you.
* * * LOW HITPOINT WARNING * * *
The adder bites you.
* * * LOW HITPOINT WARNING * * *
You hit the adder.
The adder is heavily wounded.
The adder bites you.
* * * LOW HITPOINT WARNING * * *
You closely miss the adder.
The adder is heavily wounded.
The adder bites you.
You die...

Action                   || total
-------------------------++-------
Melee: Unarmed           ||   154
 Stab: Sleeping          ||     1

Vault maps used:
D:1:      dpeg_arrival_water_temple_mockup, solitary_fountain,
          serial_bayou_lagoon_a
D:2:      minmay_door_path, nemelex_deck, nicolae_overflow_hidden_temple,
          serial_corexii_hall, corexii_hall_statues_x, corexii_hall_statues_s,
          corexii_hall_statues_deadend, corexii_hall_statues_deadend,
          corexii_hall_statues_x, corexii_hall_statues_x

Notes
Turn   | Place    | Note
--------------------------------------------------------------
     0 | D:1      | HopeRidesAlone, the Mummy Monk, began the quest for the Orb.
     0 | D:1      | Reached XP level 1. HP: 18/18 MP: 1/1
   274 | D:1      | Reached XP level 2. HP: 22/24 MP: 2/2
   876 | D:2      | Found a shattered altar of Ashenzari.
   882 | D:2      | Reached skill level 4 in Unarmed Combat
   919 | D:1      | Reached XP level 3. HP: 4/29 MP: 3/3
  1311 | D:2      | Found a sparkling altar of Nemelex Xobeh.
  1717 | D:2      | Slain by an adder

Vanquished Creatures
  2 adders
  A giant mite (D:2)
  A giant gecko (D:1)
  An ooze (D:1)
  A ball python (D:1)
  A bat (D:2)
  3 giant cockroaches
  3 goblins
  3 hobgoblins (D:1)
  2 jackals (D:1)
  2 quokkas (D:2)
  2 kobolds (D:1)
  6 rats
28 creatures vanquished.
